 Dungeon Crawl Stone Soup version 0.29.0-4-gdea44cf6ec (webtiles) character file.

Game seed: 7339901989593004920

3516 qw the Grappler (level 9, -2/89 HPs)
             Began as a Troll Cinder Acolyte on Aug 31, 2022.
             Was a Priest of Ignis.
             Slain by a hellwing (7 damage)
             ... summoned by a kobold demonologist
             ... on level 8 of the Dungeon.
             The game lasted 00:03:18 (6546 turns).

qw the Grappler (Troll Cinder Acolyte)              Turns: 6546, Time: 00:03:19

Health: -2/89      AC:  7    Str: 28    XL:     9   Next: 81%
Magic:  9/9        EV:  9    Int: 10    God:    Ignis [***...]
Gold:   40         SH:  0    Dex:  5    Spells: 10/10 levels left

rFire   + + .      SeeInvis .     - Unarmed
rCold   . . .      Faith    .   (no shield)
rNeg    . . .      Spirit   .   a - +0 robe
rPois   .          Reflect  .   (helmet restricted)
rElec   .          Harm     .   (no cloak)
rCorr   .          Rampage  .   (gloves unavailable)
Will    .....                   (boots unavailable)
Stlth   +.........              (no amulet)
HPRegen 1.04/turn               c - ring of protection from fire
MPRegen 0.11/turn               (no ring)

@: about to teleport, corroded, fiery-armoured
A: large, unfitting armour, claws 3, regeneration 1, shaggy fur 1, tough skin 1
a: Renounce Religion, Fiery Armour, Foxfire Swarm, Rising Flame


You were on level 8 of the Dungeon.
You worshipped Ignis.
Ignis was most pleased with you.
You visited 1 branch of the dungeon, and saw 8 of its levels.

You collected 276 gold pieces.
You spent 236 gold pieces at shops.


Innate Abilities, Weirdness & Mutations

You are too large for most types of armour.
You have claws for hands.
Your natural rate of healing is unusually fast.
You are covered in fur. (AC +1)
You have tough skin. (AC +1)


   Skills:
 - Level 5.9 Fighting
 - Level 3.5 Throwing
 - Level 1.4 Dodging
 + Level 12.0 Unarmed Combat
 - Level 1.0 Spellcasting
 - Level 2.1 Fire Magic


You had 10 spell levels left.
You didn't know any spells.
Your spell library contained the following spells:

 Spells                   Type           Power      Damage    Failure   Level
 Scorch                   Fire           8%         2d5       22%         2

Inventory:

Missiles
 b - 8 boomerangs
 g - 3 silver boomerangs (quivered)
Armour
 a - a +0 robe (worn)
Jewellery
 c - a ring of protection from fire (left claw)
 h - a ring of ice
Scrolls
 f - 4 scrolls of identify
 j - 3 scrolls of enchant armour
 l - a scroll of teleportation
Potions
 d - a potion of mutation
 e - 2 potions of might
 i - 4 potions of curing
 k - 2 potions of haste
 o - 2 potions of resistance

Dungeon Overview and Level Annotations

Branches:
Dungeon (8/15)             Temple (0/1) D:6
   Lair: D:8-11

Altars:
Dithmenos
Elyvilon
Hepliaklqana
Makhleb
Nemelex Xobeh
Sif Muna
Xom
Yredelemnul

Shops:
D:7 ?!?   D:8 [

Annotations:
D:5 2 transporters, qw's ghost, novice TrCA


Message History

The six-headed hydra is heavily wounded.
The six-headed hydra bites you.
The six-headed hydra is burned by your cloak of flames.
The six-headed hydra is severely wounded.
The six-headed hydra bites you but does no damage.
The six-headed hydra is burned by your cloak of flames.
The six-headed hydra is severely wounded.
The six-headed hydra barely misses you. The six-headed hydra bites you.
The six-headed hydra is burned by your cloak of flames.
The six-headed hydra is almost dead.
The hellwing hits you but does no damage.
The hellwing barely misses you.
You rip one of the six-headed hydra's heads off!
The five-headed hydra grows two more!
You claw the seven-headed hydra!
The seven-headed hydra is almost dead.
The seven-headed hydra bites you.
The seven-headed hydra is burned by your cloak of flames.
The seven-headed hydra is almost dead.
The seven-headed hydra bites you but does no damage.
The seven-headed hydra is burned by your cloak of flames.
The seven-headed hydra is almost dead.
The seven-headed hydra barely misses you.
The seven-headed hydra bites you but does no damage.
The seven-headed hydra is burned by your cloak of flames.
You kill the seven-headed hydra!
Your Fighting skill increases to level 5!
You claw the hellwing!
The hellwing is almost dead.
The acid dragon spits acid at you. The splash of acid hits you!!
The acid corrodes you! The hellwing hits you.
The hellwing is burned by your cloak of flames.
The hellwing is almost dead.
The hellwing misses you.
You hear a howl!
6546 ||| READING 2 scrolls of teleportation.
As you read the scroll of teleportation, it crumbles to dust.
You feel strangely unstable.
The white ugly thing punches you but does no damage.
The hellwing misses you. The hellwing hits you!
You die...

#. #.### ###
#...###..##
#....#....##
#....#.....#
..####....D.D#
....B.....#.0#
#.#####...u.#..#
##.# ##.4@##..B#
#...## #.### ...KD
#..>.# #.# .[##D#
####....####.# ###
.# #.........##.# .
.............# ..
#.........\..# ##.##
####....###..##.....
#....# #..#......


You could see a boulder beetle, a white ugly thing, a hellwing (summoned) and an
acid dragon.

Vanquished Creatures
  A hydra (D:8)
  A manticore (D:7)
  A hornet (D:7)
  Menkaure (D:7)
  An orc warrior (D:7)
  4 sky beasts
  4 ice beasts
  An ogre (D:5)
  A centaur (D:5)
  2 phantoms (D:4)
  5 bullfrogs
  A scorpion (D:5)
  2 howler monkeys
  4 orc priests
  2 jellies
  3 hounds
  6 iguanas
  2 orc wizards
  4 gnolls (D:3)
  2 adders
  3 shadow imps
  A white imp (D:6)
  An ufetubus (D:6)
  4 dart slugs
  25 orcs
  10 ball pythons
  3 bats
  8 endoplasms
  3 giant cockroaches
  4 goblins
  6 hobgoblins
  4 jackals (D:4)
  4 kobolds
  A quokka (D:4)
  4 frilled lizards
  7 rats
136 creatures vanquished.

Notes
Turn   | Place    | Note
-------+----------+-------------------------------------------
     0 | D:1      | qw the Troll Cinder Acolyte began the quest for the Orb.
     0 | D:1      | Reached XP level 1. HP: 22/22 MP: 1/1
     0 | D:1      | 0 ||| qw: Version: 0.1-a-97-g2dd2ca4
     0 | D:1      | 0 ||| qw: Game counter: 4492
     0 | D:1      | 0 ||| qw: Always use a shield: true
     0 | D:1      | 0 ||| qw: God list: Okawaru
     0 | D:1      | 0 ||| qw: Allow faded altars: false
     0 | D:1      | 0 ||| qw: Do Orc after D:15 true
     0 | D:1      | 0 ||| qw: Do second Lair branch before Depths: true
     0 | D:1      | 0 ||| qw: Lair rune preference: random
     0 | D:1      | 0 ||| qw: Plans: Normal
     0 | D:1      | 0 ||| PLANNING D:1-11
    84 | D:1      | Reached XP level 2. HP: 29/29 MP: 2/2
   195 | D:1      | 195 ||| Stepping ~*~*~tactically~*~*~ (stealth).
   234 | D:1      | Reached skill level 4 in Unarmed Combat
   433 | D:1      | 433 ||| Stepping ~*~*~tactically~*~*~ (outnumbered).
   434 | D:1      | 434 ||| Stepping ~*~*~tactically~*~*~ (outnumbered).
   441 | D:1      | Reached XP level 3. HP: 36/36 MP: 3/3
   613 | D:1      | Found a faded altar of an unknown god.
   644 | D:1      | 644 ||| READING scroll labelled FUIFUAVAMI.
   645 | D:1      | 645 ||| READING 2 scrolls labelled NERA GOIWACKYS.
   648 | D:1      | 648 ||| READING scroll labelled TAOLEN AZANEVO.
   649 | D:1      | 649 ||| READING scroll labelled PAMNIS IWITUTA.
  1121 | D:2      | 1121 ||| UPGRADING to ring of protection from fire.
  1122 | D:2      | 1122 ||| READING scroll labelled JIF NIOJIUMOXT.
  1123 | D:2      | 1123 ||| READING 3 scrolls of identify.
  1123 | D:2      | 1123 ||| IDENTIFYING silvery potion
  1124 | D:2      | 1124 ||| READING 2 scrolls of identify.
  1124 | D:2      | 1124 ||| IDENTIFYING golden potion
  1125 | D:2      | 1125 ||| DROPPING potion of invisibility.
  1143 | D:3      | 1143 ||| STAIRDANCE
  1204 | D:3      | 1204 ||| Stepping ~*~*~tactically~*~*~ (stealth).
  1206 | D:3      | 1206 ||| Stepping ~*~*~tactically~*~*~ (hiding).
  1215 | D:3      | Reached skill level 5 in Unarmed Combat
  1215 | D:3      | Reached XP level 4. HP: 44/44 MP: 4/4
  1371 | D:3      | Found a burning altar of Makhleb.
  1387 | D:3      | You fall into a shaft and drop 2 floors!
  1387 | D:5      | Entered Level 5 of the Dungeon
  1387 | D:5      | Found a white marble altar of Elyvilon.
  1475 | D:5      | 1475 ||| Stepping ~*~*~tactically~*~*~ (hiding).
  1607 | D:5      | 1607 ||| INVOKING Fiery Armour.
  1648 | D:5      | Found a shimmering blue altar of Sif Muna.
  1655 | D:5      | 1655 ||| Stepping ~*~*~tactically~*~*~ (stealth).
  1660 | D:5      | 1660 ||| Stepping ~*~*~tactically~*~*~ (outnumbered).
  1661 | D:5      | 1661 ||| Stepping ~*~*~tactically~*~*~ (outnumbered).
  1662 | D:5      | 1662 ||| Stepping ~*~*~tactically~*~*~ (outnumbered).
  1662 | D:5      | Noticed a centaur
  1664 | D:5      | 1664 ||| Stepping ~*~*~tactically~*~*~ (outnumbered).
  1665 | D:5      | 1665 ||| Stepping ~*~*~tactically~*~*~ (outnumbered).
  1667 | D:5      | 1667 ||| Stepping ~*~*~tactically~*~*~ (outnumbered).
  1673 | D:5      | Reached XP level 5. HP: 40/50 MP: 5/5
  1676 | D:5      | Killed a centaur
  1677 | D:5      | Reached skill level 6 in Unarmed Combat
  1778 | D:5      | 1778 ||| READING scroll labelled IFUDUBEYGA.
  1779 | D:5      | 1779 ||| READING scroll labelled XAKYCZ NUPEH.
  1780 | D:5      | 1780 ||| READING scroll labelled HIDAID ATENN.
  1881 | D:5      | 1881 ||| DRINKING 2 lumpy clear potions.
  1882 | D:5      | 1882 ||| READING 2 scrolls of identify.
  1882 | D:5      | 1882 ||| IDENTIFYING sapphire potion
  1883 | D:5      | 1883 ||| DROPPING potion of lignification.
  1892 | D:4      | Found a hazy altar of Hepliaklqana.
  1898 | D:4      | 1898 ||| Stepping ~*~*~tactically~*~*~ (stealth).
  1957 | D:4      | Reached XP level 6. HP: 59/59 MP: 6/6
  2009 | D:4      | 2009 ||| DRINKING 2 bubbling purple potions.
  2386 | D:3      | 2386 ||| Stepping ~*~*~tactically~*~*~ (stealth).
  2588 | D:3      | 2588 ||| READING 2 scrolls of identify.
  2588 | D:3      | 2588 ||| IDENTIFYING murky silvery potion
  2633 | D:4      | Reached skill level 7 in Unarmed Combat
  2694 | D:4      | 2694 ||| Stepping ~*~*~tactically~*~*~ (stealth).
  2705 | D:4      | 2705 ||| Stepping ~*~*~tactically~*~*~ (stealth).
  2706 | D:4      | 2706 ||| Stepping ~*~*~tactically~*~*~ (stealth).
  2838 | D:4      | 2838 ||| Stepping ~*~*~tactically~*~*~ (stealth).
  2839 | D:4      | 2839 ||| Stepping ~*~*~tactically~*~*~ (stealth).
  2843 | D:4      | 2843 ||| Stepping ~*~*~tactically~*~*~ (stealth).
  2845 | D:4      | 2845 ||| Stepping ~*~*~tactically~*~*~ (stealth).
  3164 | D:4      | 3164 ||| READING scroll labelled MYOX YHAURI.
  3165 | D:4      | 3165 ||| DRINKING 3 fizzy blue potions.
  3270 | D:4      | 3270 ||| DROPPING 2 potions of berserk rage.
  3341 | D:5      | Reached skill level 8 in Unarmed Combat
  3341 | D:5      | Reached XP level 7. HP: 63/66 MP: 7/7
  3357 | D:5      | 3357 ||| Stepping ~*~*~tactically~*~*~ (hiding).
  3371 | D:5      | 3371 ||| INVOKING Fiery Armour.
  3378 | D:5      | Reached skill level 3 in Fighting
  3392 | D:5      | Found a shadowy altar of Dithmenos.
  3392 | D:5      | Found a sparkling altar of Nemelex Xobeh.
  3449 | D:5      | Found a transporter.
  3477 | D:5      | Found a transporter.
  3481 | D:5      | Noticed qw's ghost (novice TrCA)
  3600 | D:5      | Found a basalt altar of Yredelemnul.
  3935 | D:6      | Reached skill level 9 in Unarmed Combat
  4006 | D:6      | Found a shimmering altar of Xom.
  4040 | D:6      | 4040 ||| READING 4 scrolls of teleportation.
  4094 | D:6      | Reached skill level 1 in Dodging
  4094 | D:6      | Reached XP level 8. HP: 69/75 MP: 8/8
  4097 | D:6      | 4097 ||| Stepping ~*~*~tactically~*~*~ (stealth).
  4109 | D:6      | 4109 ||| Stepping ~*~*~tactically~*~*~ (stealth).
  4157 | D:6      | 4157 ||| Stepping ~*~*~tactically~*~*~ (hiding).
  4158 | D:6      | 4158 ||| Stepping ~*~*~tactically~*~*~ (hiding).
  4159 | D:6      | 4159 ||| Stepping ~*~*~tactically~*~*~ (hiding).
  4160 | D:6      | 4160 ||| Stepping ~*~*~tactically~*~*~ (hiding).
  4171 | D:6      | 4171 ||| Stepping ~*~*~tactically~*~*~ (stealth).
  4451 | D:6      | 4451 ||| Stepping ~*~*~tactically~*~*~ (outnumbered).
  4452 | D:6      | 4452 ||| Stepping ~*~*~tactically~*~*~ (outnumbered).
  4454 | D:6      | 4454 ||| Stepping ~*~*~tactically~*~*~ (outnumbered).
  4456 | D:6      | 4456 ||| INVOKING Fiery Armour.
  4555 | D:6      | Found a staircase to the Ecumenical Temple.
  4801 | D:6      | 4801 ||| READING 3 scrolls of identify.
  4801 | D:6      | 4801 ||| IDENTIFYING purple potion
  4802 | D:6      | 4802 ||| READING 2 scrolls of identify.
  4802 | D:6      | 4802 ||| IDENTIFYING glowing yellow potion
  4803 | D:6      | 4803 ||| DROPPING potion of degeneration.
  4804 | D:6      | 4804 ||| READING 3 scrolls of teleportation.
  4966 | D:6      | Reached skill level 10 in Unarmed Combat
  4974 | D:6      | 4974 ||| Stepping ~*~*~tactically~*~*~ (stealth).
  5022 | D:6      | 5022 ||| READING scroll labelled DOCYME ZIOCK.
  5023 | D:6      | 5023 ||| READING 2 scrolls of teleportation.
  5245 | D:6      | 5245 ||| READING scroll of teleportation.
  5303 | D:6      | 5303 ||| Stepping ~*~*~tactically~*~*~ (stealth).
  5304 | D:6      | 5304 ||| Stepping ~*~*~tactically~*~*~ (stealth).
  5336 | D:6      | 5336 ||| Stepping randomly (stuck).
  5337 | D:6      | 5337 ||| Stepping randomly (stuck).
  5338 | D:6      | 5338 ||| Stepping randomly (stuck).
  5520 | D:7      | Noticed a hornet
  5528 | D:7      | 5528 ||| INVOKING Fiery Armour.
  5528 | D:7      | Killed a hornet
  5601 | D:7      | Reached skill level 11 in Unarmed Combat
  5615 | D:7      | Found Vauffotue's Magic Scroll Boutique.
  5616 | D:7      | 5616 ||| Stepping ~*~*~tactically~*~*~ (stealth).
  5618 | D:7      | 5618 ||| Stepping ~*~*~tactically~*~*~ (stealth).
  5625 | D:7      | 5625 ||| Stepping ~*~*~tactically~*~*~ (stealth).
  5650 | D:7      | 5650 ||| BUYING 2 scrolls of identify (48 gold).
  5650 | D:7      | Bought 2 scrolls of identify for 48 gold pieces
  5650 | D:7      | 5650 ||| SHOPLISTING 3 scrolls of enchant armour (270 gold,
                  | have 170).
  5650 | D:7      | 5650 ||| BUYING scroll of identify (24 gold).
  5650 | D:7      | Bought a scroll of identify for 24 gold pieces
  5650 | D:7      | 5650 ||| BUYING scroll of identify (24 gold).
  5650 | D:7      | Bought a scroll of identify for 24 gold pieces
  5650 | D:7      | 5650 ||| BUYING scroll of teleportation (36 gold).
  5650 | D:7      | Bought a scroll of teleportation for 36 gold pieces
  5719 | D:7      | Identified the +0 scale mail "Nacveing" {Drain Regen+ Str-2
                  | Dex+5}
  5723 | D:7      | 5723 ||| Stepping ~*~*~tactically~*~*~ (stealth).
  5734 | D:7      | 5734 ||| Stepping ~*~*~tactically~*~*~ (stealth).
  5742 | D:7      | 5742 ||| FLEEEEING.
  5743 | D:7      | 5743 ||| FLEEEEING.
  5748 | D:7      | 5748 ||| DRINKING 5 potions of curing.
  5748 | D:7      | 5748 ||| (to cure confusion)
  5796 | D:7      | Reached skill level 1 in Throwing
  5816 | D:7      | Reached XP level 9. HP: 72/84 MP: 9/9
  5819 | D:7      | 5819 ||| FLEEEEING.
  5870 | D:7      | Noticed Menkaure
  5871 | D:7      | 5871 ||| Stepping ~*~*~tactically~*~*~ (hiding).
  5881 | D:7      | Killed Menkaure
  5922 | D:7      | 5922 ||| Stepping ~*~*~tactically~*~*~ (stealth).
  5928 | D:7      | 5928 ||| Stepping ~*~*~tactically~*~*~ (outnumbered).
  5929 | D:7      | 5929 ||| Stepping ~*~*~tactically~*~*~ (outnumbered).
  5930 | D:7      | 5930 ||| Stepping ~*~*~tactically~*~*~ (outnumbered).
  5932 | D:7      | 5932 ||| FLEEEEING.
  5933 | D:7      | 5933 ||| FLEEEEING.
  5934 | D:7      | 5934 ||| FLEEEEING.
  5935 | D:7      | 5935 ||| FLEEEEING.
  5936 | D:7      | 5936 ||| FLEEEEING.
  5937 | D:7      | 5937 ||| FLEEEEING.
  5938 | D:7      | 5938 ||| FLEEEEING.
  5940 | D:7      | 5940 ||| FLEEEEING.
  5941 | D:7      | 5941 ||| FLEEEEING.
  5942 | D:7      | 5942 ||| FLEEEEING.
  5943 | D:7      | 5943 ||| FLEEEEING.
  5944 | D:7      | 5944 ||| FLEEEEING.
  5945 | D:7      | 5945 ||| FLEEEEING.
  5947 | D:7      | 5947 ||| FLEEEEING.
  5948 | D:7      | 5948 ||| STAIRDANCE
  5960 | D:6      | 5960 ||| READING 5 scrolls of identify.
  5960 | D:6      | 5960 ||| IDENTIFYING clear potion
  5961 | D:6      | 5961 ||| READING 4 scrolls of identify.
  5961 | D:6      | 5961 ||| IDENTIFYING black potion
  5962 | D:6      | 5962 ||| DROPPING potion of flight.
  5963 | D:6      | 5963 ||| DROPPING potion of attraction.
  5967 | D:7      | 5967 ||| INVOKING Fiery Armour.
  5974 | D:7      | 5974 ||| STAIRDANCE
  6186 | D:7      | Noticed a manticore
  6193 | D:7      | 6193 ||| INVOKING Fiery Armour.
  6193 | D:7      | HP: 19/84 [manticore (12)]
  6193 | D:7      | Killed a manticore
  6194 | D:7      | Reached skill level 3 in Throwing
  6375 | D:7      | 6375 ||| Stepping ~*~*~tactically~*~*~ (stealth).
  6378 | D:7      | Found Usaj Dui's Magic Scroll Boutique.
  6381 | D:7      | 6381 ||| BUYING scroll of enchant armour (82 gold).
  6381 | D:7      | Bought a scroll of enchant armour for 82 gold pieces
  6381 | D:7      | 6381 ||| BUYING scroll of identify (22 gold).
  6381 | D:7      | Bought a scroll of identify for 22 gold pieces
  6381 | D:7      | 6381 ||| SHOPLISTING scroll of identify (22 gold, have 21).
  6381 | D:7      | 6381 ||| SHOPLISTING scroll of teleportation (33 gold, have
                  | 21).
  6388 | D:7      | Found Geekut Cuto's Distillery.
  6400 | D:7      | 6400 ||| SHOPLISTING potion of curing (36 gold, have 21).
  6400 | D:7      | 6400 ||| SHOPLISTING potion of mutation (96 gold, have 21).
  6444 | D:7      | 6444 ||| Stepping ~*~*~tactically~*~*~ (stealth).
  6474 | D:7      | 6474 ||| READING scroll labelled XACI PAINAFU.
  6496 | D:8      | Found Urri's Armour Boutique.
  6514 | D:8      | Reached skill level 12 in Unarmed Combat
  6520 | D:8      | Noticed a boulder beetle
  6521 | D:8      | Noticed a kobold demonologist
  6523 | D:8      | Noticed a white ugly thing
  6523 | D:8      | Noticed a hellwing
  6524 | D:8      | 6524 ||| Stepping ~*~*~tactically~*~*~ (stealth).
  6525 | D:8      | Noticed a five-headed hydra
  6526 | D:8      | 6526 ||| INVOKING Fiery Armour.
  6529 | D:8      | 6529 ||| Stepping ~*~*~tactically~*~*~ (hiding).
  6541 | D:8      | 6541 ||| Stepping ~*~*~tactically~*~*~ (outnumbered).
  6543 | D:8      | 6543 ||| Stepping ~*~*~tactically~*~*~ (outnumbered).
  6544 | D:8      | Killed a seven-headed hydra
  6545 | D:8      | HP: 9/89 [acid dragon/splash of acid (19)]
  6545 | D:8      | HP: 3/89 [hellwing[a kobold demonologist] (6)]
  6546 | D:8      | 6546 ||| READING 2 scrolls of teleportation.
  6546 | D:8      | Slain by a hellwing

Levels and vault maps discovered:
D:1:      minmay_arrival_shoal_huts, layout_loops_ring,
          hellmonk_ecumenical_altar_crossroads, minmay_split_cup_small
D:2:      layout_rooms, serial_curves, eino_curves_04, eino_curves_04
D:3:      layout_loops_ring, lemuel_doored_altar
D:4:      layout_basic, mainiacjoe_overflow_six_doors_small
D:5:      layout_basic, mainiacjoe_overflow_small_starburst,
          nicolae_overflow_two_pavilions, kennysheep_ying_yang,
          gammafunk_ghost_smash
D:6:      layout_layer_cave, mainiacjoe_overflow_paths,
          minmay_temple_entry_statues_pillars, chequers_avenue,
          grunt_ministairs_1, minmay_puff
D:7:      minmay_general_purpose_star, layout_loops_ring, serial_shops,
          nicolae_shop_advertising_works [nicolae_subvault_shop_adworks],
          nicolae_diamond_shop, nicolae_shop_behind_doors, uniq_menkaure
D:8:      minmay_curly_fans, layout_loops_ring, mainiacjoe_overflow_alcove_1,
          nicolae_gozag_zags_fifth_avenue, serial_shops, shop,
          eino_small_chamber_without_monster, kennysheep_opposing_triangles,
          uniq_joseph

Skill      XL: |  1  2  3  4  5  6  7  8  9 |
---------------+----------------------------+-----
Unarmed Combat | 4 5 6 8 9 11 12 | 12.0
Fighting       | 3 4 5 |  5.9
Dodging        | 1 |  1.4
Throwing       | 1 3 |  3.5
Spellcasting   | |  1.0
Fire Magic     | |  2.1

Action                   |  1- 3 |  4- 6 |  7- 9 || total
-------------------------+-------+-------+-------++-------
Melee: Unarmed           |    87 |    87 |   193 ||   367
       Punch             |     3 |     2 |     5 ||    10
Throw: Boomerang         |       |    28 |    31 ||    59
Invok: Fiery Armour      |       |     1 |     6 ||     7
  Use: Scroll            |     7 |     6 |    11 ||    24
       Potion            |       |     3 |     1 ||     4
Armor: Robe              |    24 |    18 |    62 ||   104
Dodge: Dodged            |    29 |    25 |    70 ||   124

Table legend:
 A = Non-vault XP
 B = Vault XP
 C = Vault XP percentage of total XP
 D = Non-vault monster count
 E = Vault monster count
 F = Vault count percentage of total count
                 A         B        C        D         E       F
            +---------+---------+-------+---------+---------+-------
      Total |    3458 |    1566 |  31.2 |     121 |      15 |  11.0
            +---------+---------+-------+---------+---------+-------
        D:1 |      38 |       5 |  11.6 |      22 |       3 |  12.0
        D:2 |      14 |       0 |   0.0 |      10 |       0 |   0.0
        D:3 |      87 |       0 |   0.0 |      16 |       0 |   0.0
        D:4 |     318 |       0 |   0.0 |      17 |       0 |   0.0
        D:5 |     567 |       0 |   0.0 |      18 |       0 |   0.0
        D:6 |     660 |     297 |  31.0 |      15 |       6 |  28.6
        D:7 |    1645 |     390 |  19.2 |      22 |       5 |  18.5
        D:8 |     129 |     874 |  87.1 |       1 |       1 |  50.0
            +---------+---------+-------+---------+---------+-------
